[Event "Saturday Night Engine Tour 13 rd Swiss 5m+1s Starts at 2200hrs ST"]
[Site "Infinity Chess"]
[Date "2018.1.13"]
[Round "6"]
[White "KULLANI"]
[Black "neófito"]
[Result "1/2-1/2"]
[ECO "C11"]
[WhiteElo "2446"]
[BlackElo "2487"]
[WhiteEngine "BrainFish_180106_x64_CTG"]
[BlackEngine "BrainFish_180106_x64_bmi2_CTG"]
[EventType "Swiss"]
[WhiteTeam ""]
[BlackTeam ""]
[PlyCount "102"]
[TimeControl "300+1"]

1. e4 e6 2. d4 d5 3. Nc3 Nf6 4. e5 Nfd7 5. f4 c5 6. Nf3 Nc6 7. Be3 Qb6 
8. Na4 Qa5+ 9. c3 cxd4 10. b4 Qc7 11. Nxd4 Nxd4 12. Bxd4 Be7 13. Bd3 b6 
14. O-O O-O 15. Rc1 g6 16. Qf3 Bb7 17. Qh3 Rfe8 18. Rc2 Bf8 19. g4 Bg7 
20. Rcf2 Rf8 21. Rf3 Rfe8 22. Qg3 Rac8 23. Re1 Rf8 24. f5 exf5 25. gxf5 Rce8 
26. Rfe3 f6 27. e6 Qxg3+ 28. Rxg3 Ne5 29. Nb2 gxf5 30. Bxf5 Bc8 31. Kh1 Bxe6 
32. Bxe6+ Rxe6 33. Nd3 Re7 34. Nxe5 fxe5 35. Rxe5 Rxe5 36. Bxe5 Rf7 37. a3 Kf8 
38. Bxg7+ Rxg7 39. Kg2 Rc7 40. Kf1 Kf7 41. Rd3 Ke6 42. Rh3 d4 43. cxd4 Kd5 
44. Rh4 Rc1+ 45. Kg2 Rc2+ 46. Kf3 Rc3+ 47. Kf4 Rxa3 48. Rxh7 Ra4 49. h4 Kxd4 
50. Kg5 a5 51. bxa5 bxa5 1/2-1/2

[Event "Saturday Night Engine Tour 13 rd Swiss 5m+1s Starts at 2200hrs ST"]
[Site "Infinity Chess"]
[Date "2018.1.13"]
[Round "6"]
[White "MarioDeMonti"]
[Black "incredible"]
[Result "1/2-1/2"]
[ECO "B28"]
[WhiteElo "2483"]
[BlackElo "2454"]
[WhiteEngine "stockfish_x64_bmi2_2018_01_01_CTG"]
[BlackEngine "stockfish_18011309_x64_bmi2"]
[EventType "Swiss"]
[WhiteTeam ""]
[BlackTeam ""]
[PlyCount "133"]
[TimeControl "300+1"]

1. e4 c5 2. Nf3 a6 3. c3 d6 4. d4 Nf6 5. Bd3 Bg4 6. d5 g6 7. Nbd2 Bh6 8. h3 Bxf3 
9. Nxf3 Bxc1 10. Qxc1 Nbd7 11. Qh6 Qb6 12. Rb1 Qa5 13. a3 Qa4 14. O-O c4 
15. Be2 Nxe4 16. Rfe1 Qb5 17. Qg7 Rf8 18. Qd4 f5 19. Bxc4 Qb6 20. Bd3 Qxd4 
21. Nxd4 Nec5 22. Bc2 Rc8 23. c4 Nb6 24. b3 a5 25. a4 Na8 26. Rbd1 Nc7 
27. g4 fxg4 28. hxg4 Kd7 29. Kg2 e5 30. dxe6+ N5xe6 31. Rh1 Rf7 32. Nf3 Rg7 
33. Kg3 Na6 34. Rhe1 Re8 35. Re2 Nb4 36. Bb1 Ree7 37. Red2 Kc7 38. Rxd6 Nc5 
39. Ng5 Re5 40. Kh4 Re2 41. R6d2 Rxd2 42. Rxd2 Re7 43. Rd1 Nxb3 44. Ne4 Rf7 
45. Kg3 Kb6 46. f4 Nc5 47. Ng5 Rg7 48. Kh4 Re7 49. f5 gxf5 50. gxf5 h6 
51. Nh3 Nxa4 52. Rf1 Nc5 53. f6 Rf7 54. Bg6 Rf8 55. f7 Nbd3 56. Kh5 Ne5 
57. Nf4 Kc6 58. Nd5 Ncd7 59. Nf6 a4 60. Nxd7 Kxd7 61. Kxh6 a3 62. Kg7 Nxg6 
63. Kxg6 Kc6 64. Ra1 Kc5 65. Rxa3 Kxc4 66. Ra1 b5 67. Rb1 1/2-1/2

[Event "Saturday Night Engine Tour 13 rd Swiss 5m+1s Starts at 2200hrs ST"]
[Site "Infinity Chess"]
[Date "2018.1.13"]
[Round "6"]
[White "Dovahkiin"]
[Black "ocirema"]
[Result "1/2-1/2"]
[ECO "D00"]
[WhiteElo "2406"]
[BlackElo "2503"]
[WhiteEngine "BrainFish_180106_x64_modern_CTG"]
[BlackEngine "stockfish_18010422_x64_modern_CTG"]
[EventType "Swiss"]
[WhiteTeam ""]
[BlackTeam ""]
[PlyCount "95"]
[TimeControl "300+1"]

1. d4 d5 2. Bf4 Nf6 3. e3 c5 4. c3 e6 5. Nd2 Nc6 6. Ngf3 Bd6 7. Bg3 O-O 
8. Bd3 b6 9. Ne5 Bb7 10. Qe2 Qc7 11. Nxc6 Bxc6 12. Bxd6 Qxd6 13. Nf3 c4 
14. Bc2 b5 15. Ne5 Nd7 16. Nxc6 Qxc6 17. e4 Rab8 18. a3 dxe4 19. Qxe4 Qxe4+ 
20. Bxe4 g6 21. f4 h5 22. Kf2 Rfd8 23. Rhe1 a5 24. Bf3 Kg7 25. Kg1 h4 
26. Kf2 Rh8 27. Kg1 Nf6 28. Re5 h3 29. g3 b4 30. axb4 axb4 31. Re2 bxc3 
32. bxc3 Rb3 33. Rc1 Nd5 34. Bxd5 exd5 35. Kf2 f5 36. Kf3 Rhb8 37. g4 Rb2 
38. Re7+ Kf8 39. Re5 fxg4+ 40. Kxg4 Rg2+ 41. Kxh3 Rbb2 42. Rce1 Rxh2+ 
43. Kg4 Rbf2 44. Rxd5 Rhg2+ 45. Kh3 Rh2+ 46. Kg4 Rhg2+ 47. Kh3 Rh2+ 48. Kg4 
1/2-1/2

[Event "Saturday Night Engine Tour 13 rd Swiss 5m+1s Starts at 2200hrs ST"]
[Site "Infinity Chess"]
[Date "2018.1.13"]
[Round "6"]
[White "Cepri"]
[Black "KillBill2017"]
[Result "1/2-1/2"]
[ECO "C50"]
[WhiteElo "2463"]
[BlackElo "2463"]
[WhiteEngine "asmFishW_12J18Mb_CTG"]
[BlackEngine "asmFishW_2018-01-12_popcnt_CTG"]
[EventType "Swiss"]
[WhiteTeam ""]
[BlackTeam ""]
[PlyCount "115"]
[TimeControl "300+1"]

1. e4 e5 2. Nf3 Nc6 3. Bc4 Bc5 4. O-O Nf6 5. d3 d6 6. c3 a5 7. a4 O-O 8. Bg5 h6 
9. Bh4 g5 10. Bg3 Kg7 11. Na3 Ne7 12. Re1 Ng6 13. Nc2 Bb6 14. d4 Nxe4 
15. Rxe4 f5 16. Re1 f4 17. Bd3 exd4 18. Nfxd4 Qf6 19. Ne3 fxe3 20. Rxe3 Bd7 
21. h3 Rae8 22. Be4 Bc8 23. Qd2 Nf4 24. Rae1 Rf7 25. Bf3 Re5 26. Be4 Kf8 
27. Bb1 Bd7 28. Be4 Bc8 29. Qc2 Kg7 30. Qd1 Rfe7 31. Bc2 Bd7 32. Be4 Bc8 
33. Bb1 Bd7 34. Bc2 Rf7 35. Be4 c6 36. Bf3 Bc8 37. Qd2 Rfe7 38. Qd1 Rf7 
39. Be4 Bd7 40. Bc2 h5 41. Bxf4 Qxf4 42. Qxh5 Qxf2+ 43. Kh1 Bc7 44. g4 Kg8 
45. Nf5 Qxe1+ 46. Rxe1 Rxe1+ 47. Kg2 Re2+ 48. Kg1 Bb6+ 49. Kh1 Be6 50. Qxg5+ Kf8 
51. Be4 Rxe4 52. Qh6+ Kg8 53. Qg6+ Kf8 54. Qh6+ Kg8 55. Qg5+ Kh7 56. Qh5+ Kg8 
57. Qg6+ Kf8 58. Qh6+ 1/2-1/2

[Event "Saturday Night Engine Tour 13 rd Swiss 5m+1s Starts at 2200hrs ST"]
[Site "Infinity Chess"]
[Date "2018.1.13"]
[Round "6"]
[White "pablo"]
[Black "MiKachomiKa QueeN"]
[Result "1/2-1/2"]
[ECO "C50"]
[WhiteElo "2509"]
[BlackElo "2486"]
[WhiteEngine "asmFishW_2017-12-20_bmi2_CTG"]
[BlackEngine "stockfish_18011309_x64_modern_CTG"]
[EventType "Swiss"]
[WhiteTeam ""]
[BlackTeam ""]
[PlyCount "84"]
[TimeControl "300+1"]

1. e4 e5 2. Nf3 Nc6 3. Bc4 Bc5 4. O-O Nf6 5. d3 d6 6. c3 O-O 7. h3 h6 8. Bb3 a6 
9. Bc2 Re8 10. Re1 d5 11. exd5 Qxd5 12. Qe2 a5 13. Nbd2 a4 14. Ne4 Nxe4 
15. dxe4 Qe6 16. Bd2 Qg6 17. Nh4 Qf6 18. Nf5 Ne7 19. Qb5 Rd8 20. Qxc5 Nxf5 
21. Bf4 exf4 22. exf5 b6 23. Qxc7 Bxf5 24. Bxf5 Qxf5 25. Qxb6 f3 26. g4 Qc2 
27. Qb7 Rab8 28. Qxf3 Rxb2 29. Re7 Qg6 30. a3 Rb3 31. Rae1 Rxa3 32. Ra7 Qf6 
33. Qxf6 gxf6 34. Re3 Rc8 35. Kg2 Raxc3 36. Rxa4 Rxe3 37. fxe3 Rc5 38. Rf4 Kg7 
39. Kf2 Kg6 40. Kf3 f5 41. Rxf5 Rxf5+ 42. gxf5+ Kxf5 1/2-1/2

[Event "Saturday Night Engine Tour 13 rd Swiss 5m+1s Starts at 2200hrs ST"]
[Site "Infinity Chess"]
[Date "2018.1.13"]
[Round "6"]
[White "RonWeasley"]
[Black "Vimtiroba"]
[Result "1/2-1/2"]
[ECO "C53"]
[WhiteElo "2518"]
[BlackElo "2524"]
[WhiteEngine "BrainFish 060118_CTG"]
[BlackEngine "SF@130118_CTG"]
[EventType "Swiss"]
[WhiteTeam ""]
[BlackTeam ""]
[PlyCount "57"]
[TimeControl "300+1"]

1. e4 e5 2. Nf3 Nc6 3. Bc4 Bc5 4. c3 Nf6 5. d3 d6 6. Bb3 a5 7. O-O O-O 8. a4 h6 
9. Nbd2 Re8 10. Re1 Be6 11. h3 d5 12. exd5 Bxd5 13. Ne4 Nxe4 14. dxe4 Be6 
15. Qc2 Qf6 16. Be3 Bxe3 17. Rxe3 Rad8 18. Rd1 Rxd1+ 19. Qxd1 Rd8 20. Qc2 Rd6 
21. Bxe6 Qxe6 22. Rd3 Rxd3 23. Qxd3 Qa2 24. Qd7 Qxb2 25. Qc8+ Kh7 26. Qf5+ Kg8 
27. Qc8+ Kh7 28. Qf5+ Kg8 29. Qc8+ 1/2-1/2

[Event "Saturday Night Engine Tour 13 rd Swiss 5m+1s Starts at 2200hrs ST"]
[Site "Infinity Chess"]
[Date "2018.1.13"]
[Round "6"]
[White "MrScience"]
[Black "SkyPilot"]
[Result "1/2-1/2"]
[ECO "C77"]
[WhiteElo "2548"]
[BlackElo "2576"]
[WhiteEngine "BrainFish_x64_modern"]
[BlackEngine "stockfish_x64_bmi2_2018_01_01_CTG"]
[EventType "Swiss"]
[WhiteTeam ""]
[BlackTeam ""]
[PlyCount "146"]
[TimeControl "300+1"]

1. e4 e5 2. Nf3 Nc6 3. Bb5 a6 4. Ba4 Nf6 5. O-O Be7 6. Re1 b5 7. Bb3 O-O 
8. c3 d5 9. exd5 Nxd5 10. Nxe5 Nxe5 11. Rxe5 c6 12. Re1 Bd6 13. d3 Bf5 
14. Qf3 Qh4 15. g3 Qh3 16. Be3 Bxd3 17. Nd2 Qf5 18. Bd4 Rfe8 19. a4 h6 
20. h4 Rxe1+ 21. Rxe1 Rd8 22. Qxf5 Bxf5 23. Ne4 Bf8 24. a5 Bxe4 25. Rxe4 c5 
26. Bxd5 Rxd5 27. Be3 Rd8 28. Kf1 Bd6 29. h5 f6 30. b3 Kf7 31. g4 Be7 
32. Ke2 Rc8 33. c4 bxc4 34. bxc4 Rb8 35. Bf4 Rb2+ 36. Kf3 Ra2 37. Bc7 Ra3+ 
38. Ke2 Ra2+ 39. Kf3 Ra3+ 40. Re3 Ra4 41. Rc3 Ke6 42. Ke4 Kd7 43. Bf4 Ke6 
44. Be3 Bd6 45. f3 Rxa5 46. f4 Ra4 47. Rc1 Be7 48. Kd3 a5 49. Rb1 f5 
50. Rb6+ Kf7 51. Rb7 Ra3+ 52. Ke2 Ra2+ 53. Kf3 fxg4+ 54. Kxg4 Kf8 55. Ra7 Re2 
56. Kf3 Rc2 57. Rxa5 Rxc4 58. Ra7 Kf7 59. Ke2 Re4 60. Kf3 Rc4 61. Bf2 Ke6 
62. f5+ Kf6 63. Bg3 Rb4 64. Bf2 Bd6 65. Ra6 Rf4+ 66. Ke3 Rd4 67. Ke2 Rd5 
68. Bg3 Ke7 69. Ra7+ Kd8 70. Rxg7 Bxg3 71. Rxg3 Rxf5 72. Rg6 c4 73. Rxh6 Rc5 
1/2-1/2

[Event "Saturday Night Engine Tour 13 rd Swiss 5m+1s Starts at 2200hrs ST"]
[Site "Infinity Chess"]
[Date "2018.1.13"]
[Round "6"]
[White "BlitzMaster"]
[Black "Pirate"]
[Result "1/2-1/2"]
[ECO "B30"]
[WhiteElo "2573"]
[BlackElo "2559"]
[WhiteEngine "stockfish_18010422_x64_modern_CTG"]
[BlackEngine "asmFishW_20_bmi2_CTG"]
[EventType "Swiss"]
[WhiteTeam ""]
[BlackTeam ""]
[PlyCount "77"]
[TimeControl "300+1"]

1. e4 c5 2. Nf3 Nc6 3. Nc3 e6 4. d4 cxd4 5. Nxd4 Nf6 6. Nxc6 bxc6 7. e5 Nd5 
8. Ne4 Qc7 9. f4 Qa5+ 10. c3 Be7 11. Bd3 Ba6 12. O-O Qb6+ 13. Kh1 Bxd3 
14. Qxd3 f5 15. exf6 Nxf6 16. Nxf6+ Bxf6 17. Rd1 d5 18. Qe2 O-O 19. Qxe6+ Kh8 
20. Be3 Qb5 21. Bg1 Rfe8 22. Qd7 Red8 23. a4 Qxb2 24. Qxc6 Rac8 25. Qb5 Qxc3 
26. Bxa7 Qxa1 27. Rxa1 Bxa1 28. g3 d4 29. Bb6 d3 30. Bxd8 Rxd8 31. Qb3 Bb2 
32. a5 d2 33. Qd1 Bf6 34. h3 Bc3 35. a6 Ra8 36. Qe2 Rd8 37. Qd1 Ra8 38. Qg4 Rd8 
39. Qd1 1/2-1/2

[Event "Saturday Night Engine Tour 13 rd Swiss 5m+1s Starts at 2200hrs ST"]
[Site "Infinity Chess"]
[Date "2018.1.13"]
[Round "6"]
[White "OlivierEvan"]
[Black "Thor"]
[Result "1/2-1/2"]
[ECO "A15"]
[WhiteElo "2497"]
[BlackElo "2629"]
[WhiteEngine "Houdini 6"]
[BlackEngine "asmFishW_2017-11-19_bmi2"]
[EventType "Swiss"]
[WhiteTeam ""]
[BlackTeam ""]
[PlyCount "134"]
[TimeControl "300+1"]

1. c4 Nf6 2. d4 e6 3. g3 Bb4+ 4. Bd2 Be7 5. Bg2 d5 6. Nf3 O-O 7. O-O c6 
8. Qc2 b6 9. Bf4 Bb7 10. Rd1 Nbd7 11. Nc3 dxc4 12. Nd2 Nd5 13. Nxc4 Nxf4 
14. gxf4 Qc7 15. e3 Rac8 16. Rac1 Rfd8 17. a3 Nf8 18. f5 c5 19. d5 Ba6 
20. Nd2 exf5 21. Qxf5 Ng6 22. Qh3 Rb8 23. b3 Nh4 24. Bf1 Qc8 25. Nc4 Qxh3 
26. Bxh3 Bb7 27. f4 Bf6 28. d6 Nf3+ 29. Kf2 Bh4+ 30. Ke2 h5 31. Nd5 Nxh2 
32. e4 g6 33. Rd2 b5 34. Na5 Rxd6 35. Nxb7 Rxb7 36. e5 Rc6 37. Bg2 Re6 
38. Rxc5 Rb8 39. Bh3 Ng4 40. Kf3 Nxe5+ 41. fxe5 Rxe5 42. Rd4 Bd8 43. b4 Kg7 
44. Nf4 Bf6 45. Rd7 Rbe8 46. Rxe5 Bxe5 47. Rb7 a6 48. Bd7 Rb8 49. Rxb8 Bxb8 
50. Bc8 f5 51. Bxa6 h4 52. Ne6+ Kf7 53. Nd8+ Kf6 54. Bxb5 h3 55. Nc6 Bc7 
56. a4 g5 57. a5 g4+ 58. Kf2 g3+ 59. Kg1 Bf4 60. Bf1 g2 61. Bxg2 hxg2 
62. Kxg2 Ke6 63. b5 Kd5 64. a6 Be3 65. a7 Bxa7 66. Nxa7 Kc5 67. Kf1 f4 1/2-1/2

[Event "Saturday Night Engine Tour 13 rd Swiss 5m+1s Starts at 2200hrs ST"]
[Site "Infinity Chess"]
[Date "2018.1.13"]
[Round "6"]
[White "Gilgamesch"]
[Black "xeonrocks"]
[Result "1/2-1/2"]
[ECO "C50"]
[WhiteElo "2557"]
[BlackElo "2620"]
[WhiteEngine "BrainFish_171005_x64_bmi2"]
[BlackEngine "asmFishW_bmi2.exe_CTG"]
[EventType "Swiss"]
[WhiteTeam ""]
[BlackTeam ""]
[PlyCount "112"]
[TimeControl "300+1"]

1. e4 e5 2. Nf3 Nc6 3. Bc4 Bc5 4. O-O Nf6 5. d3 d6 6. c3 a5 7. Re1 Ba7 8. Bb5 h6 
9. Nbd2 O-O 10. h3 Ne7 11. d4 Ng6 12. b3 c6 13. Bf1 exd4 14. cxd4 Be6 
15. Qc2 Rc8 16. a3 Nh5 17. b4 Nhf4 18. Nb3 a4 19. Na5 Rc7 20. Qxa4 f5 
21. exf5 Bxf5 22. Bxf4 Nxf4 23. Re3 Kh8 24. Rae1 g5 25. b5 Rg7 26. g3 cxb5 
27. Qxb5 Bd7 28. Nxb7 Qf6 29. Qa6 Bb8 30. Nc5 dxc5 31. Qxf6 Rxf6 32. Rb3 Bc7 
33. gxf4 Ba4 34. Rb7 Bc6 35. Ra7 g4 36. Rxc7 Rxc7 37. Ne5 gxh3 38. dxc5 Bd5 
39. Bxh3 Rxc5 40. Kh2 Rc7 41. a4 Kg7 42. Rg1+ Kh7 43. Rd1 Bb7 44. Rd4 Bc8 
45. Bxc8 Rxc8 46. Rd7+ Kg8 47. Kg3 h5 48. a5 Rc3+ 49. f3 Ra3 50. Rd8+ Rf8 
51. Rxf8+ Kxf8 52. Kh4 Ra1 53. Kxh5 Rxa5 54. Kh6 Ke8 55. Kg7 Rc5 56. Kf6 Rc1 
1/2-1/2

[Event "Saturday Night Engine Tour 13 rd Swiss 5m+1s Starts at 2200hrs ST"]
[Site "Infinity Chess"]
[Date "2018.1.13"]
[Round "5"]
[White "neófito"]
[Black "MarioDeMonti"]
[Result "1/2-1/2"]
[ECO "D10"]
[WhiteElo "2487"]
[BlackElo "2483"]
[WhiteEngine "BrainFish_180106_x64_bmi2_CTG"]
[BlackEngine "stockfish_x64_bmi2_2018_01_01_CTG"]
[EventType "Swiss"]
[WhiteTeam ""]
[BlackTeam ""]
[PlyCount "146"]
[TimeControl "300+1"]

1. d4 d5 2. c4 c6 3. cxd5 cxd5 4. Bf4 Nc6 5. e3 Nf6 6. Bd3 e6 7. Nc3 a6 
8. Rc1 Bd6 9. Bg3 Bxg3 10. hxg3 e5 11. dxe5 Nxe5 12. Nf3 Nxd3+ 13. Qxd3 O-O 
14. O-O Bg4 15. Rc2 h6 16. Rfc1 Rc8 17. Nd4 Qd6 18. Nce2 Rxc2 19. Rxc2 Qb4 
20. Qd1 Bxe2 21. Nxe2 Qa5 22. a3 Re8 23. Qc1 Ne4 24. Rc7 Qb6 25. Rc8 Qe6 
26. Rxe8+ Qxe8 27. Nf4 Nf6 28. f3 Qc6 29. Qd2 h5 30. Qd4 g6 31. Qe5 Qc1+ 
32. Kh2 Qc6 33. b4 b5 34. Nd3 Kf8 35. Qb8+ Ne8 36. Qa7 Qd6 37. Qd4 Qc6 
38. Nf4 Nf6 39. Qe5 Kg7 40. Ne2 Qc8 41. Nc3 Qe6 42. Qd4 Kh7 43. Kg1 Qc6 
44. Kf2 Kg8 45. Ke2 Qe6 46. Kd2 Kf8 47. Ne2 Qc6 48. Kd3 Kg7 49. Qc5 Qe6 
50. Qc3 Qd7 51. Qe5 Qc8 52. Kd2 Qc4 53. Qb2 Qc8 54. Qe5 Qc4 55. Qb2 Qc8 
56. Qd4 Qf5 57. Qc3 Qb1 58. Nc1 Qf5 59. Ke2 Qb1 60. Kf2 d4 61. exd4 Nd5 
62. Qc5 Qb2+ 63. Ne2 Qa2 64. Qc1 Kg8 65. Qc8+ Kh7 66. Qf8 Nc3 67. Qe7 Kg7 
68. Qe5+ Kg8 69. g4 h4 70. Qe7 Kg7 71. Qe5+ Kg8 72. Qe7 Kg7 73. Qe5+ Kg8 1/2-1/2

[Event "Saturday Night Engine Tour 13 rd Swiss 5m+1s Starts at 2200hrs ST"]
[Site "Infinity Chess"]
[Date "2018.1.13"]
[Round "5"]
[White "incredible"]
[Black "KULLANI"]
[Result "1/2-1/2"]
[ECO "C53"]
[WhiteElo "2454"]
[BlackElo "2446"]
[WhiteEngine "stockfish_18011309_x64_bmi2"]
[BlackEngine "BrainFish_180106_x64_CTG"]
[EventType "Swiss"]
[WhiteTeam ""]
[BlackTeam ""]
[PlyCount "105"]
[TimeControl "300+1"]

1. e4 e5 2. Nf3 Nc6 3. Bc4 Bc5 4. c3 Nf6 5. d3 d6 6. O-O a5 7. Bg5 Ba7 8. Na3 h6 
9. Bh4 g5 10. Bg3 O-O 11. Re1 g4 12. Bh4 gxf3 13. Qxf3 Kg7 14. Rad1 h5 
15. Qg3+ Kh7 16. Qg5 Bg4 17. Qxf6 Qxf6 18. Bxf6 Bxd1 19. Rxd1 Kg6 20. Bh4 f6 
21. Kf1 Ne7 22. d4 exd4 23. cxd4 c6 24. Bd3 Bxd4 25. e5+ Kf7 26. exd6 Nd5 
27. Be2 Bc5 28. Bxh5+ Ke6 29. Bg4+ f5 30. Bf3 Bxa3 31. bxa3 f4 32. g4 fxg3 
33. Bxd5+ cxd5 34. Bxg3 Rae8 35. Rb1 Rf3 36. h4 d4 37. Rxb7 Rxa3 38. h5 d3 
39. d7 Rd8 40. Rb6+ Kxd7 41. Rd6+ Ke7 42. Rxd8 Kxd8 43. h6 d2 44. Ke2 Rd3 
45. Kd1 Rd5 46. a4 Ke8 47. h7 Rh5 48. Bc7 Rh1+ 49. Kxd2 Rxh7 50. Bxa5 Rh4 
51. Ke3 Rc4 52. Ke2 Rxa4 53. Be1 1/2-1/2

[Event "Saturday Night Engine Tour 13 rd Swiss 5m+1s Starts at 2200hrs ST"]
[Site "Infinity Chess"]
[Date "2018.1.13"]
[Round "5"]
[White "Dovahkiin"]
[Black "Cepri"]
[Result "1/2-1/2"]
[ECO "A45"]
[WhiteElo "2403"]
[BlackElo "2466"]
[WhiteEngine "BrainFish_180106_x64_modern_CTG"]
[BlackEngine "asmFishW_12J18Mb_CTG"]
[EventType "Swiss"]
[WhiteTeam ""]
[BlackTeam ""]
[PlyCount "85"]
[TimeControl "300+1"]

1. d4 Nf6 2. Bf4 d5 3. e3 c5 4. c3 Nc6 5. Nd2 Bf5 6. Ngf3 Qb6 7. Qc1 e6 
8. Be2 Nh5 9. Be5 Be7 10. c4 Nxe5 11. dxe5 d4 12. Ng1 dxe3 13. fxe3 Bg6 
14. g4 Nf6 15. exf6 Bxf6 16. Nb3 a5 17. Nf3 h6 18. O-O O-O-O 19. e4 Bxe4 
20. Qf4 Bxf3 21. Bxf3 a4 22. Nc1 Rd4 23. Qe3 Rxg4+ 24. Kh1 Rxc4 25. Nd3 Rd8 
26. Qe2 Qc7 27. Rab1 Rcd4 28. Nxc5 Rd2 29. Bxb7+ Qxb7+ 30. Nxb7 Rxe2 
31. Nxd8 Kxd8 32. Rf4 Rxh2+ 33. Kxh2 Be5 34. Rd1+ Kc8 35. Rdd4 g5 36. Rxa4 Bxf4+ 
37. Kg2 h5 38. Rc4+ Kb7 39. Rb4+ Ka6 40. Ra4+ Kb7 41. Rb4+ Ka6 42. Ra4+ Kb7 
43. Rb4+ 1/2-1/2

[Event "Saturday Night Engine Tour 13 rd Swiss 5m+1s Starts at 2200hrs ST"]
[Site "Infinity Chess"]
[Date "2018.1.13"]
[Round "5"]
[White "KillBill2017"]
[Black "pablo"]
[Result "1/2-1/2"]
[ECO "C50"]
[WhiteElo "2461"]
[BlackElo "2511"]
[WhiteEngine "asmFishW_2018-01-12_popcnt_CTG"]
[BlackEngine "asmFishW_2017-12-20_bmi2_CTG"]
[EventType "Swiss"]
[WhiteTeam ""]
[BlackTeam ""]
[PlyCount "225"]
[TimeControl "300+1"]

1. e4 e5 2. Nf3 Nc6 3. Bc4 Bc5 4. O-O Nf6 5. d3 d6 6. c3 O-O 7. b4 Bb6 8. a4 a5 
9. b5 Ne7 10. Nbd2 Ng6 11. Ba2 c6 12. Qc2 Re8 13. Kh1 h6 14. Bb3 d5 15. c4 dxe4 
16. Nxe4 Nxe4 17. dxe4 Qe7 18. Qc3 Bc5 19. Be3 Bg4 20. Ng1 Red8 21. Rab1 Bxe3 
22. fxe3 Qc5 23. h3 Be6 24. Rfc1 Rac8 25. bxc6 b6 26. Nf3 f6 27. Ba2 Kh7 
28. Rb5 Qxc6 29. Qb2 Nf8 30. Rxb6 Qc5 31. Rb5 Qxe3 32. c5 Rd3 33. Re1 Qf4 
34. Rf1 Bxa2 35. Qxa2 Qxe4 36. Rxa5 Qd5 37. Qxd5 Rxd5 38. Rb5 Rcxc5 
39. Rxc5 Rxc5 40. Ra1 Ra5 41. Nd2 Ne6 42. Nc4 Rc5 43. Nd2 Ra5 44. Nc4 Rc5 
45. Nd2 Rc6 46. a5 Ra6 47. Kg1 Kg6 48. Kf2 h5 49. g4 Nd4 50. Kg3 hxg4 
51. hxg4 Kf7 52. Nc4 Ke6 53. Kf2 Kd5 54. Ne3+ Kc6 55. Rc1+ Kb7 56. Rb1+ Ka8 
57. g5 Rxa5 58. gxf6 gxf6 59. Rb6 f5 60. Rd6 Rc5 61. Rf6 Rc3 62. Rd6 Kb7 
63. Rd5 f4 64. Rxe5 fxe3+ 65. Rxe3 Rc2+ 66. Kf1 Kb6 67. Re4 Kc5 68. Rf4 Ra2 
69. Rf2 Ra1+ 70. Kg2 Ra3 71. Rf8 Kd6 72. Rf6+ Ke5 73. Rf8 Nf5 74. Rb8 Nh4+ 
75. Kh2 Nf5 76. Kg2 Kf4 77. Rb4+ Ke3 78. Rb8 Kf4 79. Rb4+ Ke3 80. Rb1 Ra2+ 
81. Kh3 Ra4 82. Rf1 Rh4+ 83. Kg2 Rg4+ 84. Kh3 Rg3+ 85. Kh2 Rg5 86. Kh3 Ke2 
87. Rf4 Ke3 88. Rb4 Rg3+ 89. Kh2 Rg6 90. Kh3 Rg5 91. Rb5 Kf4 92. Rb4+ Ke3 
93. Rb2 Rg3+ 94. Kh2 Rg8 95. Rb3+ Kf4 96. Rb4+ Kf3 97. Rb6 Rh8+ 98. Kg1 Rg8+ 
99. Kh2 Rg2+ 100. Kh3 Rg3+ 101. Kh2 Rg5 102. Rf6 Ke4 103. Ra6 Rg8 104. Ra7 Kf4 
105. Ra4+ Kf3 106. Ra7 Rf8 107. Kg1 Rg8+ 108. Kh2 Re8 109. Rf7 Kf4 110. Kg1 Ra8 
111. Kh2 Rg8 112. Rf6 Kg5 113. Rc6 1/2-1/2

[Event "Saturday Night Engine Tour 13 rd Swiss 5m+1s Starts at 2200hrs ST"]
[Site "Infinity Chess"]
[Date "2018.1.13"]
[Round "5"]
[White "MiKachomiKa QueeN"]
[Black "Vimtiroba"]
[Result "1/2-1/2"]
[ECO "C50"]
[WhiteElo "2484"]
[BlackElo "2526"]
[WhiteEngine "Raubfisch X37b1_CTG"]
[BlackEngine "SF@130118_CTG"]
[EventType "Swiss"]
[WhiteTeam ""]
[BlackTeam ""]
[PlyCount "121"]
[TimeControl "300+1"]

1. e4 e5 2. Nf3 Nc6 3. Bc4 Bc5 4. d3 Nf6 5. c3 d6 6. O-O a5 7. Bg5 Ba7 8. Bh4 h6 
9. Re1 O-O 10. Nbd2 g5 11. Bg3 Nh7 12. h3 g4 13. hxg4 Bxg4 14. Qa4 Qf6 
15. Bd5 Ng5 16. Nh2 Bd7 17. Nhf3 Kh8 18. d4 exd4 19. Qc4 dxc3 20. Qxc3 Qxc3 
21. bxc3 f6 22. a4 Kh7 23. Kf1 Ne6 24. Nb3 Rfe8 25. Reb1 Rab8 26. Nfd2 Ng5 
27. Re1 h5 28. Bc4 Ne6 29. Bb5 Ra8 30. Nf3 Bb6 31. Nh4 Rad8 32. Reb1 Ne5 
33. Nd2 Nc5 34. f3 Bxb5+ 35. Rxb5 d5 36. exd5 Rxd5 37. Bxe5 Rdxe5 38. Nc4 R5e6 
39. Nxb6 cxb6 40. Rd1 R8e7 41. g3 Rc6 42. Ng2 Re5 43. Rd4 Ne6 44. Rd3 Nc7 
45. Rd7+ Kh6 46. Rxe5 fxe5 47. f4 Kg6 48. Kf2 Kf5 49. Rh7 exf4 50. Rxh5+ Ke4 
51. Rh4 Ne6 52. Nxf4 Nxf4 53. Rxf4+ Kd3 54. g4 Kxc3 55. g5 b5 56. axb5 Rg6 
57. b6 a4 58. Rxa4 Rxg5 59. Ra7 Rg7 60. Ke2 Rg1 61. Rxb7 1/2-1/2

[Event "Saturday Night Engine Tour 13 rd Swiss 5m+1s Starts at 2200hrs ST"]
[Site "Infinity Chess"]
[Date "2018.1.13"]
[Round "5"]
[White "Gilgamesch"]
[Black "ocirema"]
[Result "1-0"]
[ECO "C50"]
[WhiteElo "2542"]
[BlackElo "2518"]
[WhiteEngine "BrainFish_171005_x64_bmi2"]
[BlackEngine "stockfish_18010422_x64_modern_CTG"]
[EventType "Swiss"]
[WhiteTeam ""]
[BlackTeam ""]
[PlyCount "275"]
[TimeControl "300+1"]

1. e4 e5 2. Nf3 Nc6 3. Bc4 Bc5 4. O-O Nf6 5. d3 d6 6. c3 a5 7. Re1 O-O 
8. Nbd2 h6 9. h3 Be6 10. b3 Ba7 11. Bb5 Ne7 12. d4 Ng6 13. Bf1 c6 14. Bb2 Re8 
15. a4 Qc8 16. Rc1 Nf4 17. Kh2 Qd7 18. c4 Rad8 19. Qc2 N6h5 20. Re3 f5 
21. c5 exd4 22. Nxd4 dxc5 23. Nxe6 Nxe6 24. exf5 Nd4 25. Bxd4 cxd4 
26. Rxe8+ Rxe8 27. Nf3 Nf4 28. g3 Nd5 29. Bc4 b5 30. axb5 cxb5 31. Bd3 Nb4 
32. Qd1 Nxd3 33. Qxd3 Rf8 34. Nh4 Rc8 35. Rxc8+ Qxc8 36. Qe4 Qd7 37. Qa8+ Kf7 
38. Nf3 Ke7 39. Ne5 Qxf5 40. Qxa7+ Ke6 41. Qxd4 Qxe5 42. Qb6+ Kf5 43. Qxa5 Ke4 
44. Qe1+ Kd5 45. Qd2+ Qd4 46. Qe2 Kc5 47. Qe1 Kd5 48. h4 Qb2 49. Qe3 Qe5 
50. Kg2 h5 51. Qd2+ Kc5 52. Qg5 Kd4 53. Kf1 b4 54. Qd2+ Kc5 55. Qe3+ Kd5 
56. Qd3+ Qd4 57. Ke2 Kc5 58. Qe3 Kd5 59. Qf3+ Kd6 60. Ke1 Kc7 61. Qe3 Qd6 
62. Ke2 Qa6+ 63. Kd2 Qd6+ 64. Qd3 Qe7 65. Qd4 Kc6 66. Kd3 Kb5 67. Qd5+ Ka6 
68. Kc4 Qe2+ 69. Kxb4 Qe1+ 70. Kc5 Qxf2+ 71. Kc6 Qb6+ 72. Kd7 Ka7 73. Qxh5 Qb7+ 
74. Ke8 Qb8+ 75. Kf7 Qxg3 76. Qg5 Qc3 77. h5 Ka6 78. Kg8 Qc8+ 79. Kxg7 Qd7+ 
80. Kf8 Qd6+ 81. Kf7 Qd7+ 82. Qe7 Qd1 83. Qe5 Qd2 84. Qf5 Ka7 85. Kg7 Qh2 
86. Qa5+ Kb7 87. Qb5+ Kc7 88. Qa5+ Kb7 89. Qb5+ Kc7 90. b4 Qg2+ 91. Kf6 Qd2 
92. Qe5+ Kb7 93. Ke6 Qc1 94. Kf7 Qc2 95. h6 Qc4+ 96. Kg7 Qg4+ 97. Kf7 Qc4+ 
98. Kf8 Qf1+ 99. Ke8 Qh1 100. Qe7+ Kb8 101. h7 Qc6+ 102. Kf8 Qc3 103. Qd6+ Ka8 
104. Qd5+ Kb8 105. b5 Qf6+ 106. Ke8 Qg6+ 107. Qf7 Qe4+ 108. Kf8 Qd4 109. b6 Qh8+ 
110. Qg8 Qf6+ 111. Ke8 Qc6+ 112. Ke7+ Kb7 113. Qf7 Qh6 114. Kd8+ Ka6 
115. b7 Qg5+ 116. Kd7 Qb5+ 117. Kc8 Qc5+ 118. Kd8 Qg5+ 119. Qe7 Qd5+ 
120. Ke8 Qh5+ 121. Kf8 Qf5+ 122. Qf7 Qc5+ 123. Kg7 Ka5 124. b8=B Qg5+ 
125. Qg6 Qe7+ 126. Kh6 Qf8+ 127. Qg7 Qf3 128. Qe5+ Ka6 129. h8=Q Qh3+ 
130. Qh5 Qe3+ 131. Bf4 Qb6+ 132. Qg6 Kb5 133. Qxb6+ Kxb6 134. Qc3 Kb7 
135. Qc7+ Ka6 136. Qc6+ Ka7 137. Qb5 Ka8 138. Qa6# 1-0